 Dungeon Crawl Stone Soup version 0.28.0-43-g3370ac3207 (webtiles) character file.

Game seed: 11875840470308277382

80 protoss039 the Chiller (level 4, -2/24 HPs)
             Began as a Deep Elf Ice Elementalist on Mar 22, 2022.
             Slain by Grinder (7 damage)
             ... while paralysed by Grinder
             ... on level 3 of the Dungeon.
             The game lasted 00:04:07 (2116 turns).

protoss039 the Chiller (Deep Elf Ice Elementalist)  Turns: 2116, Time: 00:04:08

Health: -2/24      AC:  6    Str:  5    XL:     4   Next: 18%
Magic:  4/12       EV:  2    Int: 22    God:
Gold:   170        SH:  0    Dex: 15    Spells: 7/11 levels left

rFire   . . .      SeeInvis .   j - +1 whip (flame)
rCold   . . .      Faith    .   (no shield)
rNeg    . . .      Spirit   .   a - +0 robe
rPois   .          Reflect  +   (no helmet)
rElec   .          Harm     .   (no cloak)
rCorr   .          Rampage  .   (no gloves)
Will    .....                   (no boots)
Stlth   ++........              c - amulet of reflection
HPRegen 0.08/turn               f - +4 ring of protection
MPRegen 0.13/turn               (no ring)

@: paralysed
A: no striking features
a: no special abilities


You were on level 3 of the Dungeon.
You visited 1 branch of the dungeon, and saw 3 of its levels.

You collected 170 gold pieces.

Inventory:

Hand Weapons
 j - a +1 whip of flaming (weapon)
Armour
 a - a +0 robe (worn)
Magical Staves
 i - a staff of air
Jewellery
 c - an amulet of reflection (around neck)
 f - a +4 ring of protection (left hand)
Wands
 b - a wand of iceblast (8)
Scrolls
 d - 2 scrolls of teleportation {unknown}
 g - 2 scrolls of identify {unknown}
 h - a scroll of immolation {unknown}
Potions
 e - a potion of ambrosia {unknown}


   Skills:
 - Level 3.0 Dodging
 - Level 3.0 Stealth
 + Level 4.0 Spellcasting
 + Level 5.4 Ice Magic


You had 7 spell levels left.
You knew the following spells:

 Your Spells              Type           Power      Damage    Failure   Level
a - Freeze                Ice            100%       1d11      1%          1
b - Frozen Ramparts       Ice            56%        1d7       3%          3

Your spell library contained the following spells:

 Spells                   Type           Power      Damage    Failure   Level
 Ozocubu's Armour         Ice            28%        N/A       3%          3
 Hailstorm                Conj/Ice       16%        3d6       36%         4


Dungeon Overview and Level Annotations

Branches:
Dungeon (3/15)

Altars:

Annotations:
D:2 1 runed translucent door, Crazy Yiuf
D:3 Grinder


Message History

Grinder is moderately wounded.
Grinder resists.
The wall freezes Grinder.
You block Grinder's attack.
Unknown command.
Casting: Freeze (safe; 1% risk of failure)
Confirm with . or Enter, or press ? or * to list all spells.
Aiming: Freeze (safe; 1% risk of failure)
Press: ? - help, Shift-Dir - straight line, f/p - Grinder
Aim: Grinder (moderately wounded)
You freeze Grinder but do no damage.
Grinder completely resists. x2
The wall freezes Grinder but does no damage.
Grinder gestures at you. You resist with significant effort.
Casting: Freeze (safe; 1% risk of failure)
Confirm with . or Enter, or press ? or * to list all spells.
Aiming: Freeze (safe; 1% risk of failure)
Press: ? - help, Shift-Dir - straight line, f/p - Grinder
Aim: Grinder (moderately wounded)
Okay, then.
Press: ? - help, v - describe, . - travel
Here: Grinder (moderately wounded)
The floor.
You hit Grinder. You burn Grinder.
Grinder is moderately wounded.
Grinder completely resists.
The wall freezes Grinder but does no damage.
Grinder closely misses you.
You hit Grinder. You burn Grinder.
Grinder is heavily wounded.
Grinder resists.
The wall freezes Grinder.
Grinder gestures at you.
You suddenly lose the ability to move!
Grinder completely resists.
The wall freezes Grinder but does no damage.
Grinder hits you.
You writhe in agony.
* * * LOW HITPOINT WARNING * * *
The endoplasm hits you but does no damage.
The frozen ramparts melt away.
Grinder hits you but does no damage.
The endoplasm hits you but does no damage.
Grinder hits you!
You die...

#..........#
#.......(..#####
+...............
#..........##.## .
#...............
..#######.............##
......................##
.........####.......†..#
......J@5# ##.###...[##
.........# #.#........
.........# #.#.....###
.........# ...##+###
.#.......# ... ...##
.........# . .8...##
.......### .......
....... #....> ###...


You could see Grinder and an endoplasm.

Vanquished Creatures
  An orc wizard (D:3)
  2 adders (D:2)
  3 orcs (D:3)
  3 ball pythons (D:1)
  5 endoplasms
  A goblin (D:2)
  2 hobgoblins
  2 jackals (D:3)
  3 kobolds
  3 quokkas
  6 bats
  A frilled lizard (D:1)
  A rat (D:1)
33 creatures vanquished.

Notes
Turn   | Place    | Note
-------+----------+-------------------------------------------
     0 | D:1      | protoss039 the Deep Elf Ice Elementalist began the quest
                  | for the Orb.
     0 | D:1      | Reached XP level 1. HP: 10/10 MP: 6/6
   448 | D:1      | Reached XP level 2. HP: 15/15 MP: 5/8
   882 | D:2      | Reached skill level 5 in Ice Magic
   950 | D:2      | Reached XP level 3. HP: 18/19 MP: 6/9
  1009 | D:2      | Found a runed translucent door.
  1010 | D:2      | Noticed Crazy Yiuf
  1210 | D:2      | Found a faded altar of an unknown god.
  1708 | D:2      | Learned a level 3 spell: Frozen Ramparts
  1996 | D:3      | Reached XP level 4. HP: 19/24 MP: 5/11
  2098 | D:3      | Noticed Grinder
  2113 | D:3      | Paralysed by Grinder for 5 turns
  2116 | D:3      | Slain by Grinder

Illustrated notes

Levels and vault maps discovered:
D:1:      dpeg_arrival_more_subterranean_lakeside_camping, layout_rooms
D:2:      layout_loops_cross, ebering_ecumenical_altar_rust,
          uniq_crazy_yiuf_cottage
D:3:      cheibrodos_thug_alley, layout_basic, grunt_ministairs_13,
          grunt_decor_junction, uniq_grinder

Skill      XL: |  1  2  3  4 |
---------------+-------------+-----
Stealth        | 3 |  3.0
Ice Magic      | 5 |  5.4
Dodging        | 3 |  3.0
Spellcasting   | 4 |  4.0

Action                   |  1- 3 |  4- 6 || total
-------------------------+-------+-------++-------
Melee: Dagger            |    24 |       ||    24
       Punch             |     1 |       ||     1
       Whip              |     7 |     5 ||    12
 Cast: Freeze            |    26 |    10 ||    36
       Frozen Ramparts   |     1 |     1 ||     2
 Stab: Sleeping          |     8 |       ||     8
Armor: Robe              |    10 |     6 ||    16
Dodge: Dodged            |    19 |     5 ||    24
Block: Other             |     8 |     2 ||    10
